 Dungeon Crawl Stone Soup version 0.31-a0-889-g1a8549509d (webtiles) character file.

Game seed: 16940044999785171848

875 Maratek the Chopper (level 8, 0/54 HPs)
             Began as an Octopode Fighter on Oct 16, 2023.
             Succumbed to a scorpion's poison
             ... in an ossuary.
             The game lasted 00:05:07 (2488 turns).

Maratek the Chopper (Octopode Fighter)              Turns: 2488, Time: 00:05:08

Health: 0/54       AC:  1    Str: 23    XL:     8   Next: 4%
Magic:  8/8        EV: 18    Int: 11    God:
Gold:   150        SH:  4    Dex: 11    Spells: 7/7 levels left

rFire   . . .        a - +0 war axe
rCold   . . .        b - +0 buckler
rNeg    . . .        (helmet restricted)
rPois   .            (no amulet)
rElec   .            i - +6 ring of strength
rCorr   .            l - +5 ring of evasion
SInv    .            (no ring)
Will    .....        (no ring)
Stlth   +++          (no ring)
HPRegen 0.29/turn    (no ring)
MPRegen 0.11/turn    (no ring)
                     (no ring)

%: no passive effects
@: lethally poisoned (0 -> -21)
A: almost no armour, amphibious, 8 rings, camouflage 1, gelatinous body 1,
(nimble swimmer 1), tentacles
a: no special abilities


You were in an ossuary.
You visited 1 branch of the dungeon, and saw 4 of its levels.
You also visited: Ossuary.

You collected 150 gold pieces.

Inventory:

Hand Weapons
 a - a +0 war axe (weapon)
Armour
 b - a +0 buckler (worn)
Jewellery
 i - a +6 ring of strength (left tentacle)
 l - a +5 ring of evasion (right tentacle)
Scrolls
 d - 3 scrolls of fog
 g - a scroll of amnesia
 h - 3 scrolls of teleportation
 m - 2 scrolls of enchant weapon
 n - a scroll of butterflies {unknown}
Potions
 c - 4 potions of might
 e - 3 potions of curing {unknown}
 f - 2 potions of mutation {unknown}
 j - a potion of attraction {unknown}
 k - a potion of brilliance {unknown}
 o - a potion of haste {unknown}
 p - a potion of heal wounds {unknown}
 q - a potion of degeneration {unknown}
 r - a potion of enlightenment {unknown}


   Skills:
 + Level 4.6 Fighting
 + Level 6.7 Axes
 + Level 3.9 Dodging
 + Level 4.3 Stealth
 + Level 3.7 Shields


You had 7 spell levels left.
You didn't know any spells.
Your spell library contained the following spells:

 Spells                   Type           Power      Damage    Failure   Level
 Lesser Beckoning         Tloc           0%         N/A       54%         2
 Gell's Gravitas          Tloc           0%         N/A       77%         3
 Teleport Other           Tloc           0%         N/A       77%         3


Dungeon Overview and Level Annotations

Branches:
Dungeon (4/15)            Ossuary (1/1)
 Temple: D:4-7

Altars:


Innate Abilities, Weirdness & Mutations

You cannot wear most types of armour.
You are amphibious.
You can wear up to eight rings at the same time.
Your skin changes colour to match your surroundings (Stealth+).
Your rubbery body absorbs attacks. (AC +1, EV +1)
((You are camouflaged when in or above water. (Stealth+)))
You have tentacles for arms and can constrict up to eight enemies at once.


Message History

The scorpion misses you. The scorpion closely misses you.
You barely miss the scorpion. Your grab misses the scorpion.
You squeeze the scorpion, but do no damage.
The scorpion is severely wounded.
You hit the scorpion.
You feel sick. The scorpion barely misses you. x2
The scorpion misses you.
You hit the scorpion. Your grab misses the scorpion.
Your squeeze misses the scorpion.
The scorpion is severely wounded.
You hit the gnoll zombie but do no damage.
You barely miss the scorpion.
You feel sick. The scorpion stings you.
You are more poisoned.
The scorpion poisons you! The gnoll zombie completely misses you.
The scorpion closely misses you. The scorpion stings you!
You are lethally poisoned!
The scorpion poisons you!
You closely miss the scorpion. Your grab misses the scorpion.
You squeeze the scorpion.
You kill the scorpion!
You hit the gnoll zombie. You hit the scorpion.
* * * LOW HITPOINT WARNING * * *
You feel very sick. You block the scorpion's attack.
The gnoll zombie closely misses you.
You have reached level 8!
You hit the scorpion but do no damage. You grab the scorpion.
You squeeze the scorpion.
The scorpion is heavily wounded.
You hit the gnoll zombie. You constrict the scorpion.
* * * LOW HITPOINT WARNING * * *
You feel very sick. The scorpion completely misses you.
The gnoll zombie barely misses you. The scorpion stings you.
* * * LOW HITPOINT WARNING * * *
You are more poisoned.
The scorpion poisons you!
You hit the scorpion. Your squeeze misses the scorpion.
The scorpion is severely wounded.
You barely miss the gnoll zombie.
You constrict the scorpion, but do no damage.
You die...

# ####################
#...#.Z.....#...#...#..s
#...'.s@....'...8...'...
#...#.......#.......#
##+###########8...8###+#
#!??#...#..†#.......#!!?
#..?#...8...#...8...#!..
#!.M#.......#...#...#M..
######8...8###'#########
#...#.......#...#...#...
#...'...8...#...'...'...


You could see a scorpion and a gnoll zombie.

Vanquished Creatures
  An ogre (D:4)
  5 scorpions (Ossuary)
  4 centaur zombies (Ossuary)
  A howler monkey (D:4)
  4 human zombies
  2 scorpion zombies (Ossuary)
  3 mummies (Ossuary)
  5 adders
  2 worms (D:3)
  3 dart slugs
  An orc (D:3)
  3 bats
  9 endoplasms
  3 giant cockroaches
  5 hobgoblins
  7 kobolds
  4 quokkas
  3 ball pythons
  2 frilled lizards
  2 gnoll zombies (Ossuary)
  7 goblins
  A goblin zombie (Ossuary)
  5 hobgoblin zombies (Ossuary)
  2 kobold zombies
  8 rats
  A rat zombie (D:4)
93 creatures vanquished.

Notes
Turn   | Place    | Note
-------+----------+-------------------------------------------
     0 | D:1      | Maratek the Octopode Fighter began the quest for the Orb.
     0 | D:1      | Reached XP level 1. HP: 16/16 MP: 1/1
   118 | D:1      | Reached XP level 2. HP: 21/21 MP: 2/2
   275 | D:1      | Reached XP level 3. HP: 11/26 MP: 3/3
   701 | D:2      | Reached skill level 1 in Stealth
   833 | D:2      | Found a faded altar of an unknown god.
   920 | D:2      | Reached XP level 4. HP: 27/31 MP: 4/4
  1211 | D:2      | Reached skill level 3 in Axes
  1436 | D:3      | Identified the +4 sling "Tyugiy" {heavy, rF- Will+ Str+2
                  | Dex+4}
  1509 | D:3      | Reached XP level 5. HP: 35/37 MP: 5/5
  1789 | D:4      | Noticed an ogre
  1797 | D:4      | Killed an ogre
  1798 | D:4      | Reached skill level 4 in Axes
  1798 | D:4      | Reached XP level 6. HP: 43/43 MP: 6/6
  1826 | D:4      | Found a sand-covered staircase.
  1832 | Ossuary  | Entered an ossuary
  1900 | Ossuary  | Reached skill level 5 in Axes
  1907 | Ossuary  | Reached XP level 7. HP: 34/48 MP: 7/7
  2294 | Ossuary  | Reached skill level 6 in Axes
  2487 | Ossuary  | Reached XP level 8. HP: 13/54 MP: 8/8
  2488 | Ossuary  | Succumbed to a scorpion's poison

Illustrated notes

Levels and vault maps discovered:
D:1:      mainiacjoe_arrival_oval_in_oval, layout_rooms,
          minmay_misc_feat_encased, corner_web_ring
D:2:      kennysheep_six_static_rooms, layout_loops_ring,
          chequers_ecumenical_altar_twisty
D:3:      layout_rooms, kennysheep_generic_room_11
D:4:      layout_basic, amcnicky_altar_gilded, temple_doors_cd, enter_ossuary_3,
          minmay_snake_closets
Ossuary:  ossuary_minmay_scorpions

Skill      XL: |  1  2  3  4  5  6  7 |
---------------+----------------------+-----
Stealth        | 1 2 3 4 |  4.3
Axes           | 3 4 5 6 |  6.7
Fighting       | 4 |  4.6
Dodging        | |  3.9
Shields        | |  3.7

Action                     |  1- 3 |  4- 6 |  7- 9 || total
---------------------------+-------+-------+-------++-------
  Melee: War axe           |    43 |    85 |    41 ||   169
         Tentacles         |     5 |    12 |    14 ||    31
         Constrict         |     3 |    22 |    10 ||    35
         Punch             |       |       |     1 ||     1
    Use: Scroll            |       |     5 |       ||     5
   Stab: Sleeping          |     7 |     8 |     2 ||    17
         Distracted        |       |       |     1 ||     1
 Armour: Skin              |    12 |    20 |    26 ||    58
  Dodge: Dodged            |    16 |    65 |    43 ||   124
  Block: Buckler           |     5 |    19 |     8 ||    32

Table legend: (Time is in decaauts)
 A = Elapsed time spent in this place.
 B = Non-inter-level travel time spent in this place.
 C = Inter-level travel time spent in this place.
 D = Time resting spent in this place.
 E = Time spent auto-exploring this place.
 F = Levels seen in this place.
 G = Mean time per level.
                   A        B        C        D        E       F      G
               +--------+--------+--------+--------+--------+-----+--------+
         Total |   2542 |   2439 |    103 |    362 |   1556 |   5 |  508.4 |
       Dungeon |   1870 |   1767 |    103 |      0 |   1380 |   4 |  467.5 |
       Ossuary |    672 |    672 |      0 |    362 |    176 |   1 |  672.0 |
               +--------+--------+--------+--------+--------+-----+--------+

Top non-repeatable levels by time:
     D:2: 798 daAuts
 Ossuary: 672 daAuts
     D:1: 557 daAuts
     D:3: 440 daAuts
     D:4: 73 daAuts
